 Dungeon Crawl Stone Soup version 0.29-a0-551-gffc1d7fb78 (webtiles) character file.

Game seed: 15989400216345590850

2 shadowstone the Ruffian (level 1, -1/16 HPs)
             Began as a Draconian Transmuter on June 5, 2022.
             Slain by an endoplasm (2 damage)
             ... on level 1 of the Dungeon.
             The game lasted 00:00:26 (85 turns).

shadowstone the Ruffian (Draconian Transmuter)        Turns: 85, Time: 00:00:27

Health: -1/16      AC:  4    Str: 12    XL:     1   Next: 33%
Magic:  3/3        EV: 12    Int: 13    God:
Gold:   0          SH:  0    Dex: 11    Spells: 3/4 levels left

rFire   . . .      SeeInvis .     - Unarmed
rCold   . . .      Faith    .   (no shield)
rNeg    . . .      Spirit   .   (body armour unavailable)
rPois   .          Reflect  .   (helmet restricted)
rElec   .          Harm     .   (no cloak)
rCorr   .          Rampage  .   (no gloves)
Will    .....                   (no boots)
Stlth   +.........              (no amulet)
HPRegen 0.05/turn               (no ring)
MPRegen 0.08/turn               (no ring)

@: no status effects
A: AC +4, unfitting armour, cold-blooded
a: no special abilities


You were on level 1 of the Dungeon.
You visited 1 branch of the dungeon, and saw 1 of its levels.

Inventory:

Armour
 b - a +0 cloak
Potions
 a - a potion of lignification


   Skills:
 + Level 1.1 Fighting
 + Level 1.9 Dodging
 + Level 3.0 Unarmed Combat
 + Level 2.1 Spellcasting
 + Level 2.0 Transmutations


You had 3 spell levels left.
You knew the following spells:

 Your Spells              Type           Power      Damage    Failure   Level
a - Beastly Appendage     Tmut           12%        N/A       11%         1

Your spell library contained the following spells:

 Spells                   Type           Power      Damage    Failure   Level
 Wereblood                Tmut           6%         N/A       17%         2
 Spider Form              Tmut/Pois      3%         N/A       45%         3
 Ice Form                 Ice/Tmut       3%         N/A       86%         4


Dungeon Overview and Level Annotations

Branches:
Dungeon (1/15)

Altars:


Innate Abilities, Weirdness & Mutations

Your plain brown scales are hard. (AC +4)
You cannot fit into any form of body armour.
You are cold-blooded and may be slowed by cold attacks.


Message History

The bat hits you.
* * * LOW HITPOINT WARNING * * *
The bat misses you. The bat hits you but does no damage.
The bat barely misses you. The bat closely misses you. x2
The bat attacks as you move away! The bat hits you but does no damage.
The bat barely misses you. The bat closely misses you.
The bat attacks as you move away! The bat closely misses you.
The bat hits you but does no damage. x2
Found a helmet.
The bat closely misses you. The bat hits you but does no damage.
The bat attacks as you move away! The bat hits you but does no damage. x2
The bat closely misses you. The bat hits you but does no damage. x3
The bat attacks as you move away! The bat hits you but does no damage.
Found 12 gold pieces.
The bat hits you but does no damage. The bat closely misses you.
You see here an amulet of faith.
The bat attacks as you move away! The bat misses you.
The bat barely misses you. x2; The bat completely misses you.
The bat misses you. The bat closely misses you. The bat misses you.
The bat attacks as you move away! The bat barely misses you. x2
The bat misses you.
Found 22 gold pieces.
The bat hits you but does no damage. x2
You see here a +0 helmet.
The bat attacks as you move away! The bat closely misses you.
An endoplasm and a rat come into view.
Found 43 gold pieces.
The bat closely misses you. The bat misses you.
Found 18 gold pieces.
The bat barely misses you. The bat closely misses you.
You hit the bat but do no damage.
The endoplasm quivers.
The bat hits you but does no damage. x2
You barely miss the bat. The bat hits you but does no damage.
The bat barely misses you. The endoplasm freezes you.
You are frozen.
* * * LOW HITPOINT WARNING * * *
The bat barely misses you. The bat hits you but does no damage.
The endoplasm hits you.
You die...

#.#.##..###.#.#
#....#"........
#....#...#.##..
#........# ....
##........# ..
.......[..# .
...####...##
......Jb...#
...r...@$..#
.......b...#
.......###.....


PPPP##. .#... $$$P .. .#### $$$ ... $$ ### You could see an endoplasm, 2 bats
and a rat.

Vanquished Creatures
  2 hobgoblins (D:1)
2 creatures vanquished.

Notes
Turn   | Place    | Note
-------+----------+-------------------------------------------
     0 | D:1      | shadowstone the Draconian Transmuter began the quest for
                  | the Orb.
     0 | D:1      | Reached XP level 1. HP: 16/16 MP: 3/3
    85 | D:1      | Slain by an endoplasm

Illustrated notes

Levels and vault maps discovered:
D:1:      saegor_arrival_simple_b, layout_basic, minmay_gold_behind_fungi

Action                   || total
-------------------------++-------
Melee: Unarmed           ||    15
       Tailslap          ||     1
 Cast: Beastly Appendage ||     3
Armor: Skin              ||    63
Dodge: Dodged            ||    81

Table legend: (Time is in decaauts)
 A = Elapsed time spent in this place.
 B = Non-inter-level travel time spent in this place.
 C = Inter-level travel time spent in this place.
 D = Time resting spent in this place.
 E = Time spent auto-exploring this place.
 F = Levels seen in this place.
 G = Mean time per level.
                   A        B        C        D        E       F      G
               +--------+--------+--------+--------+--------+-----+--------+
         Total |     84 |     84 |      0 |      0 |      0 |   1 |   84.0 |
       Dungeon |     84 |     84 |      0 |      0 |      0 |   1 |   84.0 |
               +--------+--------+--------+--------+--------+-----+--------+

Top non-repeatable levels by time:
     D:1: 84 daAuts
